 Dungeon Crawl Stone Soup version 0.30.0-29-ga12c61a403 (webtiles) character file.

Game seed: 12943295443853809246

4439 Zelen911 the Carver (level 10, -6/88 HPs)
             Began as a Pale Draconian Berserker on June 21, 2023.
             Was a Priest of Trog.
             Mangled by a cane toad (7 damage)
             ... on level 1 of the Lair of Beasts.
             The game lasted 00:43:56 (8270 turns).

Zelen911 the Carver (Pale Draconian Berserker)      Turns: 8270, Time: 00:43:56

Health: -6/88      AC:  9    Str: 29    XL:     10   Next: 14%
Magic:  10/10      EV: 14    Int:  8    God:    Trog [***...]
Gold:   464        SH: 10    Dex: 11    Spells: 9/9 levels left

rFire   . . .        m - +4 long sword
rCold   + . .        i - +0 buckler
rNeg    . . .        (body armour unavailable)
rPois   .            (helmet restricted)
rElec   .            (no cloak)
rCorr   .            f - +1 pair of gloves
SInv    .            (no boots)
Will    .....        b - amulet of reflection
Stlth   ++           g - ring of protection from cold
HPRegen 0.34/turn    v - +6 ring of strength
MPRegen 0.12/turn

%: reflection
@: on berserk cooldown, slowed, very slow
A: breathe steam, AC +7, unfitting armour, cold-blooded, steam resistance
a: Breathe Steam, Renounce Religion, Berserk, Trog's Hand


You were on level 1 of the Lair of Beasts.
You worshipped Trog.
Trog was most pleased with you.
You visited 2 branches of the dungeon, and saw 9 of its levels.

You collected 464 gold pieces.

Inventory:

Hand Weapons
 a - a +1 falchion of flaming
 m - a +4 long sword (weapon)
 o - a +3 halberd of freezing
 B - a +0 shortbow
 C - a +0 great sword
Missiles
 j - 7 poisoned darts (quivered)
 y - a throwing net
Armour
 f - a +1 pair of gloves (worn)
 i - a +0 buckler (worn)
Jewellery
 b - an amulet of reflection (around neck)
 g - a ring of protection from cold (left hand)
 p - a ring of protection from cold
 v - a +6 ring of strength (right hand)
Wands
 n - a wand of mindburst (19)
 t - a wand of charming (9)
 A - a wand of iceblast (12)
Scrolls
 c - a scroll of butterflies {unknown}
 d - 3 scrolls of teleportation
 k - 2 scrolls of immolation
 r - a scroll of enchant weapon
 w - 3 scrolls of identify
 x - a scroll of fog {unknown}
 z - a scroll of poison
Potions
 e - a potion of ambrosia
 l - 2 potions of brilliance
 s - a potion of cancellation


   Skills:
 + Level 7.7 Fighting
 + Level 10.2 Long Blades
 + Level 0.3 Throwing
 + Level 6.8 Dodging
 + Level 2.4 Stealth
 + Level 5.5 Shields


You had 9 spell levels left.
You didn't know any spells.
Your spell library contained the following spells:

 Spells                   Type           Power      Damage    Failure   Level
 Magic Dart               Conj           0%         1d3       45%         1
 Searing Ray              Conj           0%         2d4       58%         2
 Dazzling Flash           Conj/Hex       0%         N/A       83%         3
 Vhi's Electric Charge    Tloc/Air       0%         N/A       83%         3
 Volatile Blastmotes      Fire/Tloc      0%         2d10      83%         3
 Fulminant Prism          Conj/Hex       0%         3d5       99%         4
 Iskenderun's Mystic Bla  Conj/Tloc      0%         2d3       99%         4
 Arcjolt                  Conj/Air       0%         1d10      100%        5
 Starburst                Conj/Fire      0%         6d3       100%        6
 Maxwell's Capacitive Co  Air            0%         ∞         100%        8


Dungeon Overview and Level Annotations

Branches:
Dungeon (8/15)             Temple (0/1) D:4            Lair (1/5) D:8

Altars:
Ashenzari
Dithmenos
Elyvilon
Makhleb
Okawaru
Xom
Zin


Innate Abilities, Weirdness & Mutations

You can breathe blasts of scalding, opaque steam.
Your pale cyan-grey scales are hard. (AC +7)
You cannot fit into any form of body armour.
You are cold-blooded and may be slowed by cold attacks.
You are immune to the effects of steam.


Message History

Unknown command.
Okay, then.
Okay, then.
As you read the scroll of fear, it crumbles to dust.
You assume a fearsome visage.
The yak looks frightened! x6
Really read the scroll of immolation?
Okay, then.
There are monsters nearby!
Found a stone staircase leading down.
Found a stone staircase leading down.
You feel better.
You open the door.
A cane toad, a komodo dragon and a water moccasin come into view.
You slash the yak!
You kill the yak!
Trog accepts your kill.
The cane toad croaks.
The komodo dragon hisses angrily.
The water moccasin hisses angrily.
You block the yak's attack. The yak gores you!
* * * LOW HITPOINT WARNING * * *
The yak barely misses you. The yak gores you but does no damage.
The water moccasin bites you but does no damage.
The yak attacks as you move away! You block the yak's attack.
You block the water moccasin's attack. The yak gores you!
* * * LOW HITPOINT WARNING * * *
The yak closely misses you. The water moccasin barely misses you.
You barely miss the yak.
The yak is moderately wounded.
The water moccasin bites you but does no damage.
The yak gores you.
* * * LOW HITPOINT WARNING * * *
The yak closely misses you. The yak gores you!
* * * LOW HITPOINT WARNING * * *
The water moccasin barely misses you.
Okay, then.
As you read the scroll of fear, it crumbles to dust.
You assume a fearsome visage.
The komodo dragon looks frightened!
The water moccasin looks frightened!
The yak looks frightened! x4
The cane toad attacks as you move away! The cane toad stings you!
You die...

# ....#.# #.F.8... .#....
....# ... ## ###S###
#l##.....#### #..#F.##.#..
...#.@..Y...... >
+...8......> #......Y....
##.Y..Y#.#..8
............##.......#.###
...............##.+###...
...........#...#..†#.##..
..............#Y#.....#
........).....#.#...#......


You could see a komodo dragon (fleeing), 4 yaks, a cane toad and a water
moccasin (fleeing).

Vanquished Creatures
  A cane toad (Lair:1)
  A hornet (D:7)
  Grinder (D:3)
  3 yaks (Lair:1)
  Eustachio (D:6)
  3 steam dragons
  4 water moccasins
  An ice beast (D:6)
  2 sky beasts (D:7)
  2 orc warriors
  2 black bears
  2 ogres
  A centaur (D:8)
  3 bullfrogs
  A gnoll sergeant (D:5)
  A scorpion (D:6)
  9 wights
  2 jellies
  3 gnoll boudas
  A hound (D:6)
  An orc priest (D:8)
  2 sleepcaps
  4 iguanas
  Natasha (twice) (D:2)
  2 orc wizards
  7 gnolls
  8 adders
  A shadow imp (D:6)
  A worm (D:3)
  2 dart slugs (D:1)
  22 orcs
  6 ball pythons
  7 endoplasms
  4 giant cockroaches
  7 goblins
  4 hobgoblins
  8 jackals
  5 kobolds
  3 quokkas
  2 bats
  6 frilled lizards
  6 rats
154 creatures vanquished.

Notes
Turn   | Place    | Note
-------+----------+-------------------------------------------
     0 | D:1      | Zelen911 the Draconian Berserker began the quest for the
                  | Orb.
     0 | D:1      | Reached XP level 1. HP: 19/19 MP: 1/1
   215 | D:1      | Reached XP level 2. HP: 25/26 MP: 2/2
   680 | D:2      | Reached XP level 3. HP: 31/31 MP: 3/3
   768 | D:2      | Reached ** piety under Trog
  1123 | D:2      | Noticed Natasha
  1135 | D:2      | Killed Natasha
  1136 | D:2      | Reached skill level 4 in Long Blades
  1136 | D:2      | Reached XP level 4. HP: 30/40 MP: 4/4
  1298 | D:2      | Noticed Natasha
  1335 | D:2      | Killed Natasha
  1727 | D:3      | Noticed Grinder
  1732 | D:3      | Paralysed by Grinder for 3 turns
  1745 | D:3      | Paralysed by Grinder for 4 turns
  1751 | D:3      | Killed Grinder
  1752 | D:3      | Reached skill level 5 in Long Blades
  1752 | D:3      | Reached skill level 1 in Stealth
  1752 | D:3      | Reached skill level 1 in Shields
  1752 | D:3      | Reached XP level 5. HP: 36/46 MP: 5/5
  1752 | D:3      | Reached XP level 6. HP: 41/52 MP: 6/6
  2325 | D:4      | Found a burning altar of Makhleb.
  2451 | D:4      | Found a staircase to the Ecumenical Temple.
  2759 | D:4      | Found a broken altar of Ashenzari.
  2761 | D:4      | Reached *** piety under Trog
  3151 | D:4      | Your scales start taking on a pale cyan-grey colour.
  3151 | D:4      | Reached XP level 7. HP: 45/60 MP: 7/7
  3151 | D:4      | Gained mutation: You are immune to the effects of steam.
                  | [Pale Draconian growth]
  3548 | D:4      | Reached skill level 6 in Long Blades
  3548 | D:4      | Reached skill level 5 in Dodging
  3634 | D:5      | Entered Level 5 of the Dungeon
  3646 | D:5      | You fall into a shaft and drop 1 floor!
  3726 | D:6      | Noticed Eustachio
  3764 | D:6      | Killed Eustachio
  3849 | D:6      | Reached skill level 5 in Fighting
  3955 | D:6      | Reached XP level 8. HP: 47/68 MP: 8/8
  4044 | D:6      | Reached skill level 7 in Long Blades
  4805 | D:6      | Reached skill level 8 in Long Blades
  4805 | D:6      | Reached XP level 9. HP: 29/77 MP: 9/9
  5249 | D:5      | Found a shadowy altar of Dithmenos.
  5281 | D:5      | Found a shimmering altar of Xom.
  5284 | D:5      | Found an iron altar of Okawaru.
  6106 | D:7      | Reached skill level 9 in Long Blades
  6451 | D:7      | Paralysed by a hornet for 2 turns
  6688 | D:8      | Reached **** piety under Trog
  6690 | D:8      | Reached skill level 5 in Shields
  7087 | D:8      | Found a staircase to the Lair.
  7814 | D:8      | Found a glowing silver altar of Zin.
  7816 | D:8      | Found a white marble altar of Elyvilon.
  8158 | Lair:1   | Entered Level 1 of the Lair of Beasts
  8158 | Lair:1   | Noticed a cane toad
  8171 | Lair:1   | Killed a cane toad
  8172 | Lair:1   | Reached XP level 10. HP: 79/86 MP: 10/10
  8198 | Lair:1   | Reached skill level 10 in Long Blades
  8262 | Lair:1   | Noticed a cane toad
  8268 | Lair:1   | HP: 1/88 [yak (10)]
  8270 | Lair:1   | Mangled by a cane toad

Illustrated notes

Levels and vault maps discovered:
D:1:      amcnicky_arrival_single_pillar, layout_rooms, serial_glass,
          glass_columns_b, glass_columns_b, glass_columns_c, glass_columns_a,
          glass_columns_a, glass_columns_b
D:2:      layout_rooms, chequers_avenue, uniq_natasha
D:3:      layout_loops_corners, uniq_grinder
D:4:      layout_basic, mainiacjoe_overflow_paths, general_overflow_altar,
          minmay_temple_entry_gardened_gates
D:5:      layout_rooms, mainiacjoe_overflow_boulevard,
          nicolae_overflow_hidden_temple
D:6:      kennysheep_six_static_rooms, layout_loops_ring, uniq_eustachio
D:7:      layout_basic
D:8:      layout_layer_cave, chequers_temple_overflow_statue_of_worship,
          nicolae_hepliaklqana_hippocampus, lair_entry_dummy
Lair:1:   layout_gridlike, serial_bayou_pond_c, grunt_megastairs_1

Skill      XL: |  1  2  3  4  5  6  7  8  9 10 |
---------------+-------------------------------+-----
Dodging        | 3 4 5 6 |  6.8
Long Blades    | 4 5 6 8 9 10 | 10.2
Fighting       | 4 5 6 7 |  7.7
Stealth        | 1 2 |  2.4
Shields        | 1 2 4 5 |  5.5
Throwing       | |  0.3

Action                     |  1- 3 |  4- 6 |  7- 9 | 10-12 || total
---------------------------+-------+-------+-------+-------++-------
  Melee: Falchion          |   117 |   134 |    16 |       ||   267
         Tailslap          |    12 |    17 |    58 |     7 ||    94
         Long sword        |       |       |   339 |    36 ||   375
  Throw: Dart              |       |       |     2 |       ||     2
 Invoke: Berserk           |       |     4 |     4 |     1 ||     9
    Use: Potion            |     5 |     2 |     5 |     1 ||    13
         Scroll            |     2 |     6 |     5 |     2 ||    15
   Stab: Distracted        |     1 |       |       |       ||     1
         Sleeping          |       |     2 |     2 |       ||     4
 Armour: Skin              |    37 |    37 |    83 |     9 ||   166
  Dodge: Dodged            |    87 |    72 |   177 |    20 ||   356
  Block: Buckler           |    14 |    50 |   183 |    17 ||   264
         Reflection        |       |     1 |     1 |       ||     2
